Construct Section Command Post
Construct Platoon Command Post
6-pounder Anti-tank Gun Team
6-pounder Anti-tank Gun Team
Selects Air and Sea Battlegroup
Selects Commando Section Paradrop
Selects M1 Pack Howitzer Paradrop
M1 Pack Howitzer Paradrop
M1 Pack Howitzer Paradrop
Commando Section Paradrop
Commando Section Paradrop
Selects Incendiary Bombing Run
M1 Pack Howitzer Paradrop
M1 Pack Howitzer Paradrop
M1 Pack Howitzer Paradrop
Commando Section Paradrop
Commando Section Paradrop